 Dungeon Crawl Stone Soup version 0.32-a0-931-g5a2cda0630 (webtiles) character file.

Game seed: 14070137826984863339

143 LadyBoffin the Grasshopper (level 5, -1/67 HPs)
             Began as a Draconian Warper on Apr 14, 2024.
             Slain by a mummy (10 damage)
             ... in an ossuary.
             The game lasted 00:09:32 (3116 turns).

LadyBoffin the Grasshopper (Draconian Warper)       Turns: 3116, Time: 00:09:32

Health: -1/67      AC: 22    Str: 13    XL:     5   Next: 4%
Magic:  8/8        EV:  2    Int: 15    God:
Gold:   114        SH:  0    Dex: 11    Spells: 8/8 levels left

rFire   + . .        a - +0 falchion
rCold   . . .        (no shield)
rNeg    . . .        (body armour unavailable)
rPois   +            (helmet currently unavailable)
rElec   .            (cloak currently unavailable)
rCorr   .            (gloves currently unavailable)
SInv    .            (boots currently unavailable)
Will    .....        k - amulet of the acrobat Stlth
                     l - ring of protection from fire
HPRegen 0.31/turn    (no ring)
MPRegen 0.11/turn

%: acrobat
@: tree-form, silenced
A: stationary, stasis, torment immunity, boosted hp, AC +5, unfitting armour,
(cold-blooded)
a: no special abilities


You were in an ossuary.
You were a tree.
You visited 1 branch of the dungeon, and saw 4 of its levels.
You also visited: Ossuary.

You collected 142 gold pieces.
You spent 28 gold pieces at shops.

Inventory:

Hand Weapons
 a - a +0 falchion (weapon)
Missiles
 c - 7 darts of dispersal
 j - 10 poisoned darts (quivered)
Jewellery
 k - an amulet of the acrobat (around neck)
 l - a ring of protection from fire (left branch)
Talismans
 p - a dragon-blood talisman
Scrolls
 b - 2 scrolls of blinking
 e - a scroll of teleportation
 h - 2 scrolls of noise
 i - a scroll of amnesia {unknown}
 n - a scroll of enchant armour
 o - a scroll of poison {unknown}
 q - a scroll of identify
Potions
 d - a potion of attraction
 s - a potion of invisibility {unknown}


   Skills:
 * Level 3.4 Fighting
 - Level 3.0 Long Blades
 - Level 0.9 Throwing
 + Level 2.9 Dodging
 + Level 0.7 Stealth
 + Level 2.3 Spellcasting
 + Level 3.4 Translocations
 * Level 0.2 Shapeshifting


You had 8 spell levels left.
You didn't know any spells.
Your spell library contained the following spells:

 Spells                   Type           Power      Damage    Failure   Level
 Blink                    Tloc           24%        N/A       8%          2
 Lesser Beckoning         Tloc           24%        N/A       8%          2
 Maxwell's Portable Pile  Tloc           12%        2d(6-17)  16%         3
 Teleport Other           Tloc           12%        N/A       16%         3
 Hailstorm                Conj/Ice       1%         3d5       54%         3
 Stone Arrow              Conj/Erth      2%         3d7       54%         3
 Summon Ice Beast         Ice/Summ       1%         N/A       54%         3
 Vhi's Electric Charge    Tloc/Air       12%        N/A       71%         4
 Permafrost Eruption      Ice/Erth       0%         2x4d1     100%        6
 Sculpt Simulacrum        Ice/Alch       0%         N/A       100%        6
 Lehudib's Crystal Spear  Conj/Erth      0%         10d2      100%        8
 Animate Armour           Summ/Erth      Unusable   N/A       N/A         4

Dungeon Overview and Level Annotations

Branches:
Dungeon (4/15)            Ossuary (1/1)
 Temple: D:4-7

Altars:

Shops:
D:2 ?[([

Annotations:
D:2 1 runed translucent door, Crazy Yiuf


Innate Abilities, Weirdness & Mutations

You are a tree.
Your roots penetrate the ground, keeping you stationary.
You cannot be teleported.
You are immune to unholy pain and torment.
Your maximum health is greatly increased.
Your equipment is partially melded.
((Your plain brown scales are hard. (AC +5)))
You cannot fit into any form of body armour.
((You are cold-blooded and may be slowed by cold attacks.))


Message History

You turn into a tree.
Your roots penetrate the ground.
The mummy hits you but does no damage.
It was a potion of heal wounds.
You feel much better. The kobold zombie barely misses you.
The mummy hits you but does no damage.
As you read the scroll labelled GEMMOE ZIAFA, it crumbles to dust.
A profound silence engulfs you.
It was a scroll of silence.
The kobold zombie completely misses you.
The mummy hits you but does no damage.
Magic scrolls do not work when you're silenced!
You slash the mummy!
The mummy is severely damaged.
The mummy hits you. The kobold zombie hits you. The mummy hits you!
* * * LOW HITPOINT WARNING * * *
You barely miss the mummy.
The mummy is severely damaged.
The kobold zombie hits you but does no damage.
The mummy hits you.
* * * LOW HITPOINT WARNING * * *
You hit the mummy.
The mummy is severely damaged.
The mummy hits you but does no damage.
The kobold zombie hits you but does no damage.
The mummy hits you!
* * * LOW HITPOINT WARNING * * *
It was a potion of magic.
Magic courses through your body.
The kobold zombie hits you but does no damage.
The mummy hits you but does no damage.
You hit the mummy.
The mummy is almost destroyed.
The kobold zombie hits you but does no damage.
The mummy hits you but does no damage.
You hit the mummy but do no damage.
The mummy is almost destroyed.
The mummy hits you but does no damage.
The kobold zombie hits you but does no damage.
The mummy hits you!
* * * LOW HITPOINT WARNING * * *
Unknown command.
It was a potion of curing.
You feel better. The mummy hits you!
You die...

#....#
#....#
#....#
#....#
#....#
#....#
#....#
#.ZMM#
#.∩♣.#
######


You could see 2 mummies and a kobold zombie.

Vanquished Creatures
  A scorpion (D:3)
  3 adders
  A ribbon worm (D:2)
  A dart slug (D:1)
  3 ball pythons
  3 bats
  6 endoplasms
  A giant cockroach (D:2)
  5 goblins
  6 hobgoblins
  5 jackals
  2 kobolds
  A quokka (D:4)
  2 frilled lizards
  3 kobold zombies (Ossuary)
  An orc zombie (Ossuary)
44 creatures vanquished.

Notes
Turn   | Place    | Note
-------+----------+-------------------------------------------
     0 | D:1      | LadyBoffin the Draconian Warper began the quest for the
                  | Orb.
     0 | D:1      | Reached XP level 1. HP: 17/17 MP: 3/3
   419 | D:1      | Reached XP level 2. HP: 20/25 MP: 5/5
  1144 | D:2      | Found Jalufaje's Antique Weapon Boutique.
  1274 | D:2      | Found Veon's Armour Emporium.
  1300 | D:2      | Reached XP level 3. HP: 20/30 MP: 6/6
  1342 | D:2      | Found Pafoec's Antique Armour Shop.
  1377 | D:2      | Found Cauche's Magic Scroll Shoppe.
  1421 | D:2      | Bought a scroll of identify for 28 gold pieces
  1737 | D:2      | Found a runed translucent door.
  1738 | D:2      | Noticed Crazy Yiuf
  2120 | D:2      | Found a faded altar of an unknown god.
  2277 | D:3      | Noticed a scorpion
  2291 | D:3      | Killed a scorpion
  2292 | D:3      | Reached XP level 4. HP: 35/38 MP: 7/7
  2963 | D:4      | Reached XP level 5. HP: 43/45 MP: 8/8
  3074 | D:4      | Found a sand-covered staircase.
  3080 | Ossuary  | Entered an ossuary
  3106 | Ossuary  | HP: 2/45 [mummy (16)]
  3115 | Ossuary  | HP: 3/67 [mummy (8)]
  3116 | Ossuary  | Slain by a mummy

Illustrated notes

Levels and vault maps discovered:
D:1:      dpeg_arrival_chambers_temple_mockup, layout_basic
D:2:      layout_basic, serial_shops, nicolae_shop_window_shopping,
          nicolae_shop_waterfront, shop, shop, shapermc_ecumenical_altar_petra,
          uniq_crazy_yiuf_cottage
D:3:      layout_rooms
D:4:      layout_basic, enter_ossuary_2
Ossuary:  ossuary_tomb_3

Skill      XL: |  1  2  3 |
---------------+----------+-----
Fighting       | 3 |  3.4
Long Blades    | 3 |  3.0
Throwing       | |  0.9
Dodging        | |  2.9
Stealth        | |  0.7
Spellcasting   | |  2.3
Translocations | |  3.4
Shapeshifting  | |  0.2

Action                     |  1- 3 |  4- 6 || total
---------------------------+-------+-------++-------
  Melee: Falchion          |   106 |    85 ||   191
         Tailslap          |     9 |    11 ||    20
  Throw: Dart              |     3 |     7 ||    10
    Use: Scroll            |     4 |     2 ||     6
         Potion            |       |     4 ||     4
   Stab: Sleeping          |       |     2 ||     2
 Armour: Skin              |    85 |    85 ||   170
  Dodge: Dodged            |    64 |    67 ||   131
         Form:             |       |     1 ||     1
         Dragon            |       |     1 ||     1

Table legend: (Time is in decaauts)
 A = Elapsed time spent in this place.
 B = Non-inter-level travel time spent in this place.
 C = Inter-level travel time spent in this place.
 D = Time resting spent in this place.
 E = Time spent auto-exploring this place.
 F = Levels seen in this place.
 G = Mean time per level.
                   A        B        C        D        E       F      G
               +--------+--------+--------+--------+--------+-----+--------+
         Total |   3151 |   3030 |    121 |    334 |   1927 |   5 |  630.2 |
       Dungeon |   3112 |   2991 |    121 |    334 |   1927 |   4 |  778.0 |
       Ossuary |     39 |     39 |      0 |      0 |      0 |   1 |   39.0 |
               +--------+--------+--------+--------+--------+-----+--------+

Top non-repeatable levels by time:
     D:1: 1139 daAuts
     D:2: 1116 daAuts
     D:3: 712 daAuts
     D:4: 143 daAuts
 Ossuary: 39 daAuts
